 Dungeon Crawl Stone Soup version 0.29.0-4-gdea44cf6ec (webtiles) character file.

Game seed: 3713300223487470063

421 qw the Chopper (level 6, 0/37 HPs)
             Began as a Tengu Warper on Aug 28, 2022.
             Killed from afar by an orc wizard (5 damage)
             ... with a magic dart
             ... on level 4 of the Dungeon.
             The game lasted 00:00:27 (4421 turns).

qw the Chopper (Tengu Warper)                       Turns: 4421, Time: 00:00:27

Health: 0/37       AC:  4    Str: 12 (13) XL:     6   Next: 94%
Magic:  10/10      EV: 18    Int: 11 (13) God:
Gold:   200        SH:  0    Dex: 13 (14) Spells: 9/9 levels left

rFire   . . .      SeeInvis .   l - +0 broad axe
rCold   + . .      Faith    .   (no shield)
rNeg    . . .      Spirit   .   i - +1 leather armour {rPois}
rPois   +          Reflect  .   (helmet restricted)
rElec   .          Harm     .   (no cloak)
rCorr   .          Rampage  .   (no gloves)
Will    .....                   (boots unavailable)
Stlth   +.........              (no amulet)
HPRegen 0.12/turn               b - ring of protection from cold
MPRegen 0.12/turn               d - +4 ring of evasion

@: flying quickly and evasively, quick
A: beak, talons 3, nimble flight
a: no special abilities


You were on level 4 of the Dungeon.
You visited 1 branch of the dungeon, and saw 4 of its levels.

You collected 200 gold pieces.


Innate Abilities, Weirdness & Mutations

You have a beak for a mouth.
You have claws for feet.
Your magical nature lets you fly swiftly and evasively.


   Skills:
 - Level 3.0 Fighting
 + Level 7.1 Axes
 - Level 1.0 Throwing
 - Level 1.1 Armour
 - Level 3.0 Dodging
 - Level 2.0 Spellcasting
 - Level 2.4 Translocations


You had 9 spell levels left.
You didn't know any spells.
Your spell library contained the following spells:

 Spells                   Type           Power      Damage    Failure   Level
 Blink                    Tloc           12%        N/A       22%         2
 Gell's Gravitas          Tloc           6%         N/A       38%         3
 Lesser Beckoning         Tloc           6%         N/A       38%         3
 Teleport Other           Tloc           6%         N/A       38%         3
 Manifold Assault         Tloc           6%         N/A       98%         5

Inventory:

Hand Weapons
 l - a +0 broad axe (weapon)
 p - a +3 flail
Missiles
 k - 4 javelins (quivered)
Armour
 a - a +0 ring mail
 i - a +1 leather armour of poison resistance (worn)
Jewellery
 b - a ring of protection from cold (left hand)
 d - a +4 ring of evasion (right hand)
Scrolls
 e - a scroll of identify
 m - a scroll of poison {unknown}
 n - a scroll of magic mapping {unknown}
 q - a scroll of butterflies {unknown}
Potions
 f - 2 potions of haste {unknown}
 g - a potion of cancellation
 h - a potion of invisibility {unknown}
 j - 2 potions of heal wounds
 o - a potion of lignification {unknown}
 r - a potion of resistance

Dungeon Overview and Level Annotations

Branches:
Dungeon (4/15)
 Temple: D:4-7

Altars:

Shops:
D:1 :


Message History

The orc barely misses you. The iguana misses you.
The orc completely misses you. Something misses you.
You hit the orc but do no damage. Your peck misses the orc.
The orc is moderately wounded.
You hit the iguana but do no damage. You barely miss something.
You hear some strange, mumbled words.
A puff of flame appears from out of thin air!
The puff of flame hits you.
The iguana bites you but does no damage.
The orc barely misses you.
You hit the orc but do no damage. Your kick misses the orc.
You peck the orc, but do no damage.
The orc is moderately wounded.
You slash the iguana! You closely miss something. Something barely misses you.
The iguana completely misses you. The orc hits you with a +0 war axe.
You closely miss the iguana.
The iguana is heavily wounded.
You hit the orc but do no damage. You barely miss something.
Something closely misses you. The iguana closely misses you.
The orc misses you.
You slash the iguana!
You kill the iguana!
You barely miss something. You hit the orc but do no damage.
The orc closely misses you.
Something hits you. x2; The orc misses you.
You slash the orc!
You kill the orc!
You hit something but do no damage. Something hits you.
You miss something. Your kick misses something. Something hits you.
You hit something but do no damage. Your kick misses something.
Your peck misses something.
You hear some strange, mumbled words.
A magic dart appears from out of thin air!
The magic dart hits you.
You slash something! Your kick misses something.
You hear some strange, mumbled words.
A magic dart appears from out of thin air!
The magic dart hits you.
You die...

#.......#.%.....#.#.
#....#..#+#.<.....#.
#.....:..........###
##..#.#.........>....
#..............######
###.#.#.#........#
#......#.........#
...#.#.#.#........#
......{@...##+#####
.#....)).#.#
...........#
.#.....#.#.#
.............
.#...#.#.#...#
#.......... ##
.#.#.#. .# #


There were no monsters in sight!

Vanquished Creatures
  An ogre (D:3)
  3 hounds
  An iguana (D:4)
  An orc wizard (D:4)
  8 adders
  An ufetubus (D:4)
  4 worms
  2 dart slugs (D:1)
  8 orcs
  5 ball pythons
  8 bats
  6 endoplasms
  4 giant cockroaches
  7 goblins
  13 hobgoblins
  6 jackals (D:1)
  2 quokkas
  5 frilled lizards
  11 kobolds
  6 rats
102 creatures vanquished.

Vanquished Creatures (others)
  2 plants (D:2)
2 creatures vanquished.

Grand Total: 104 creatures vanquished

Notes
Turn   | Place    | Note
-------+----------+-------------------------------------------
     0 | D:1      | qw the Tengu Warper began the quest for the Orb.
     0 | D:1      | Reached XP level 1. HP: 12/12 MP: 4/4
     0 | D:1      | 0 ||| qw: Version: 0.1-a-89-g26bdef1
     0 | D:1      | 0 ||| qw: Game counter: 230
     0 | D:1      | 0 ||| qw: Always use a shield: true
     0 | D:1      | 0 ||| qw: God list: Okawaru
     0 | D:1      | 0 ||| qw: Allow faded altars: false
     0 | D:1      | 0 ||| qw: Do Orc after D:15 true
     0 | D:1      | 0 ||| qw: Do second Lair branch before Depths: true
     0 | D:1      | 0 ||| qw: Lair rune preference: random
     0 | D:1      | 0 ||| qw: Plans: Normal
     0 | D:1      | 0 ||| PLANNING D:1-11
     6 | D:1      | Found Poeda's Book Emporium.
   406 | D:1      | Reached XP level 2. HP: 17/17 MP: 6/6
   430 | D:1      | Reached skill level 3 in Axes
   758 | D:1      | Found a faded altar of an unknown god.
   785 | D:1      | 785 ||| Stepping ~*~*~tactically~*~*~ (stealth).
   787 | D:1      | 787 ||| Stepping ~*~*~tactically~*~*~ (stealth).
   793 | D:1      | 793 ||| Stepping ~*~*~tactically~*~*~ (stealth).
   795 | D:1      | 795 ||| Stepping ~*~*~tactically~*~*~ (stealth).
   802 | D:1      | Reached XP level 3. HP: 20/21 MP: 7/7
   997 | D:1      | 997 ||| Stepping ~*~*~tactically~*~*~ (stealth).
   999 | D:1      | Reached skill level 4 in Axes
  1148 | D:1      | 1148 ||| DROPPING +0 club.
  1175 | D:1      | 1175 ||| READING scroll labelled TENYZI WARCH.
  1276 | D:1      | 1276 ||| READING scroll labelled HOASIRI ZERIKO.
  1277 | D:1      | 1277 ||| READING scroll labelled MEINKA ZIDITEREIH.
  1282 | D:1      | 1282 ||| DROPPING scroll of blinking.
  1323 | D:2      | Reached XP level 4. HP: 11/26 MP: 8/8
  1323 | D:2      | 1323 ||| STAIRDANCE
  1570 | D:2      | Reached skill level 5 in Axes
  1790 | D:2      | 1790 ||| DROPPING +0 whip.
  2309 | D:2      | 2309 ||| UPGRADING to +0 ring mail.
  2319 | D:2      | 2319 ||| DROPPING +0 leather armour.
  2320 | D:2      | 2320 ||| READING scroll labelled TYRHOWNOMOSCH.
  2320 | D:2      | Identified a scroll of acquirement
  2320 | D:2      | 2320 ||| ACQUIRING ring of protection from cold
  2320 | D:2      | Acquired a ring of protection from cold
  2322 | D:2      | 2322 ||| UPGRADING to ring of protection from cold.
  2323 | D:2      | 2323 ||| READING scroll labelled ZIGIUN FABAE.
  2324 | D:2      | 2324 ||| READING scroll labelled YNEG IGEKHIQO.
  2325 | D:2      | 2325 ||| READING scroll labelled AMYZAPTADO.
  2326 | D:2      | 2326 ||| READING 2 scrolls labelled SOCAUHIVVU.
  2327 | D:2      | 2327 ||| DRINKING 2 smoky sapphire potions.
  2328 | D:2      | 2328 ||| DRINKING 2 viscous grey potions.
  2329 | D:2      | 2329 ||| DRINKING 2 orange potions.
  2330 | D:2      | 2330 ||| DROPPING potion of brilliance.
  2331 | D:2      | 2331 ||| DROPPING scroll of fear.
  2389 | D:2      | 2389 ||| READING 2 scrolls of teleportation.
  2390 | D:2      | 2390 ||| STAIRDANCE
  2472 | D:2      | 2472 ||| READING scroll of teleportation.
  2473 | D:2      | 2473 ||| STAIRDANCE
  2695 | D:3      | Noticed an ogre
  2701 | D:3      | Killed an ogre
  2702 | D:3      | Reached skill level 6 in Axes
  2702 | D:3      | Gained mutation: Your magical nature lets you fly swiftly
                  | and evasively. [Tengu growth]
  2702 | D:3      | Reached XP level 5. HP: 11/30 MP: 9/9
  2931 | D:3      | Reached XP level 6. HP: 28/35 MP: 10/10
  3378 | D:3      | 3378 ||| Stepping ~*~*~tactically~*~*~ (stealth).
  3385 | D:3      | Reached skill level 7 in Axes
  3519 | D:3      | 3519 ||| Stepping ~*~*~tactically~*~*~ (stealth).
  3523 | D:3      | 3523 ||| Stepping ~*~*~tactically~*~*~ (stealth).
  3524 | D:3      | 3524 ||| Stepping ~*~*~tactically~*~*~ (stealth).
  3528 | D:3      | 3528 ||| Stepping ~*~*~tactically~*~*~ (stealth).
  3663 | D:3      | 3663 ||| READING scroll of enchant weapon.
  3663 | D:3      | 3663 ||| ENCHANTING +1 hand axe.
  3836 | D:3      | 3836 ||| UPGRADING to +1 leather armour of poison
                  | resistance.
  3846 | D:3      | 3846 ||| UPGRADING to +4 ring of evasion.
  3847 | D:3      | 3847 ||| DRINKING 2 coppery potions.
  3848 | D:3      | 3848 ||| DRINKING 3 puce potions.
  3849 | D:3      | 3849 ||| DROPPING 2 potions of degeneration.
  3894 | D:2      | 3894 ||| READING 2 scrolls of identify.
  3894 | D:2      | 3894 ||| IDENTIFYING cyan potion
  3936 | D:4      | 3936 ||| SWAPPING to +0 broad axe.
  3937 | D:4      | 3937 ||| DROPPING +2 hand axe.
  3992 | D:4      | Reached skill level 3 in Fighting
  4112 | D:4      | 4112 ||| Stepping ~*~*~tactically~*~*~ (stealth).
  4405 | D:4      | 4405 ||| DRINKING potion of curing.
  4405 | D:4      | 4405 ||| (to cure confusion)
  4412 | D:4      | Reached skill level 3 in Dodging
  4420 | D:4      | HP: 5/37 [something/magic dart (5)]
  4421 | D:4      | Killed from afar by an orc wizard

Levels and vault maps discovered:
D:1:      amcnicky_arrival_choice, layout_rooms,
          dreamdust_ecumenical_altar_grove, serial_shops, nicolae_shop_crystal
D:2:      wad_lake_hut, layout_loops_cross, minivault_25,
          small_statue_intersection
D:3:      minmay_octagon_keep, layout_basic, amethyst_killhole
D:4:      layout_basic, hangedman_decor_riveting

Skill      XL: |  1  2  3  4  5  6 |
---------------+-------------------+-----
Axes           | 3 4 6 7 |  7.1
Fighting       | 3 |  3.0
Dodging        | 3 |  3.0
Throwing       | |  1.0
Armour         | |  1.1
Spellcasting   | |  2.0
Translocations | |  2.4

Action                   |  1- 3 |  4- 6 || total
-------------------------+-------+-------++-------
Melee: Hand axe          |    62 |   110 ||   172
       Peck              |     9 |    21 ||    30
       Kick              |    10 |    38 ||    48
       Punch             |     1 |     1 ||     2
       Broad axe         |       |    34 ||    34
Throw: Boomerang         |     7 |       ||     7
       Javelin           |    15 |    44 ||    59
  Use: Scroll            |     3 |     9 ||    12
       Potion            |       |     6 ||     6
Armor: Leather armour    |    19 |    14 ||    33
       Ring mail         |       |    20 ||    20
Dodge: Dodged            |    42 |    84 ||   126

Table legend:
 A = Non-vault XP
 B = Vault XP
 C = Vault XP percentage of total XP
 D = Non-vault monster count
 E = Vault monster count
 F = Vault count percentage of total count
                 A         B        C        D         E       F
            +---------+---------+-------+---------+---------+-------
      Total |     507 |      95 |  15.8 |      90 |      12 |  11.8
            +---------+---------+-------+---------+---------+-------
        D:1 |      59 |       0 |   0.0 |      32 |       0 |   0.0
        D:2 |      78 |       0 |   0.0 |      15 |       0 |   0.0
        D:3 |     254 |      95 |  27.2 |      28 |      12 |  30.0
        D:4 |     116 |       0 |   0.0 |      15 |       0 |   0.0
            +---------+---------+-------+---------+---------+-------
